 Dungeon Crawl Stone Soup version 0.22.1-2-g9c5b331 (webtiles) character file.

147 toffzen the Ruffian (level 5, -1/73 HPs)
             Began as a Troll Arcane Marksman on Dec 13, 2018.
             Was a Follower of Nemelex Xobeh.
             Succumbed to a gnoll's poison
             ... on level 3 of the Dungeon.
             The game lasted 00:03:59 (1631 turns).

toffzen the Ruffian (Troll Arcane Marksman)         Turns: 1631, Time: 00:03:59

Health: -1/73      AC:  5    Str: 23    XL:     5   Next: 7%
Magic:  5/5        EV: 10    Int:  9    God:    Nemelex Xobeh [*.....]
Gold:   169        SH:  0    Dex: 11    Spells: 5/6 levels left

rFire    x . .     SeeInvis .     - Unarmed
rCold    + . .     Gourm    +   (no shield)
rNeg     . . .     Faith    .   a - +0 robe
rPois    .         Spirit   .   (helmet restricted)
rElec    .         Reflect  .   (no cloak)
rCorr    .         Harm     .   (gloves unavailable)
MR       .....                  (boots unavailable)
Stlth    ..........             (no amulet)
HPRegen  0.62/turn              o - ring of ice
MPRegen  0.09/turn              (no ring)

@: berserking, lethally poisoned (-1 -> -10), slowed
A: large, unfitting armour, claws 3, fast metabolism 3, gourmand, regeneration
1, shaggy fur 1, tough skin 2
a: Renounce Religion


You were on level 3 of the Dungeon.
You worshipped Nemelex Xobeh.
Nemelex Xobeh was aware of your devotion.
You were very full.

You visited 1 branch of the dungeon, and saw 3 of its levels.

You collected 169 gold pieces.

Inventory:

Hand Weapons
 h - a +0 hunting sling
Missiles
 b - 44 stones
 c - 4 large rocks (quivered)
 d - 2 throwing nets
 j - 35 sling bullets
Armour
 a - a +0 robe (worn)
Jewellery
 o - a ring of ice (left claw)
Scrolls
 i - 3 scrolls of teleportation
 n - 2 scrolls of amnesia {unknown}
 r - a scroll of enchant armour {unknown}
 u - a scroll of remove curse {unknown}
Potions
 e - 3 potions of curing
 k - a potion of flight
 m - a potion of might
 q - a potion of ambrosia {unknown}
 s - a potion of degeneration {unknown}
Miscellaneous
 l - a plain deck of escape
 t - a plain deck of summoning
Comestibles
 f - 5 rations
 p - 2 chunks of flesh


   Skills:
 + Level 2.3 Fighting
 - Level 1.7 Throwing
 - Level 1.5 Dodging
 * Level 3.9 Unarmed Combat
 - Level 1.0 Spellcasting
 - Level 2.0 Hexes


You had 5 spell levels left.
You knew the following spells:

 Your Spells              Type           Power        Failure   Level  Hunger
a - Corona                Hex            #......      16%         1    ##.....

Your spell library contained the following spells:

 Spells                   Type           Power        Failure   Level  Hunger
 Slow                     Hex            #.......     24%         2    ###....
 Inner Flame              Hex/Fire       #.......     58%         3    ####...
 Portal Projectile        Hex/Tloc       #.....       58%         3    ####...
 Cause Fear               Hex            #.........   85%         4    #####..
 Leda's Liquefaction      Hex/Erth       #.........   94%         4    #####..


Dungeon Overview and Level Annotations

Branches:
Dungeon (3/15)

Altars:
Nemelex Xobeh
Sif Muna


Innate Abilities, Weirdness & Mutations

You are too large for most types of armour.
You have claws for hands.
Your metabolism is lightning-fast.
You like to eat raw meat.
Your natural rate of healing is unusually fast.
You are covered in fur. (AC +1)
You have very tough skin. (AC +2)


Message History

You feel sick.
The giant cockroach bites you but does no damage.
The gnoll hits you with a halberd of venom.
* * * LOW HITPOINT WARNING * * *
You are lethally poisoned!
The giant cockroach bites you but does no damage.
You are too berserk!
You closely miss the gnoll.
The gnoll is almost dead.
* * * LOW HITPOINT WARNING * * *
You feel sick. The gnoll misses you. The giant cockroach misses you.
You scratch the gnoll.
You kill the gnoll!
You have reached level 5!
* * * LOW HITPOINT WARNING * * *
You feel sick. The giant cockroach barely misses you.
You mangle the giant cockroach!!
You kill the giant cockroach!
You die...
Your body glows slightly and disappears.

#.......#...# #
#.......#...# .#
#.......#..$##+##.###.
#.......#...#.........
###.......###)#......... #.
..........# #.).........
..# ##..###...# ##.#.##.###
#.# ##.#⌠#...# #..)# #.#
#.###...# ##)@# #.# #
#.....### #..# #.# #
###.#########..#
#########.# ###
#...........># #.........(
..# ####.#########
##.#######.# ..#
##.#############..# #....#
..# #.................#
#....# .##
#..##.........##.#####....#
.##
#..##.........##..........#


There were no monsters in sight!

Vanquished Creatures
  An orc wizard (D:3)
  4 gnolls (D:3)
  An adder (D:2)
  3 dart slugs
  3 leopard geckos
  2 orcs (D:3)
  A ball python (D:2)
  4 giant cockroaches
  9 goblins
  5 hobgoblins
  4 jackals
  7 bats
  2 frilled lizards
  6 kobolds
  6 rats
58 creatures vanquished.

Notes
Turn   | Place    | Note
-------+----------+-------------------------------------------
     0 | D:1      | toffzen the Troll Arcane Marksman began the quest for the
                  | Orb.
     0 | D:1      | Reached XP level 1. HP: 18/18 MP: 1/1
    78 | D:1      | Reached skill level 1 in Fighting
   125 | D:1      | Reached skill level 1 in Unarmed Combat
   139 | D:1      | Reached XP level 2. HP: 27/27 MP: 2/2
   267 | D:1      | Found a sparkling altar of Nemelex Xobeh.
   341 | D:1      | Became a worshipper of Nemelex Xobeh the Trickster
   363 | D:1      | Received a gift from Nemelex Xobeh
   401 | D:1      | Reached skill level 2 in Unarmed Combat
   605 | D:2      | Found a deep blue altar of Sif Muna.
   671 | D:2      | Reached XP level 3. HP: 33/33 MP: 3/3
  1078 | D:2      | Reached * piety under Nemelex Xobeh
  1290 | D:2      | Received a gift from Nemelex Xobeh
  1305 | D:2      | Reached skill level 3 in Unarmed Combat
  1305 | D:2      | Reached XP level 4. HP: 41/42 MP: 4/4
  1628 | D:3      | HP: 3/63 [gnoll/halberd of venom (6)]
  1630 | D:3      | Reached XP level 5. HP: 2/49 MP: 5/5
  1630 | D:3      | HP: 1/73 [poisoned by a gnoll]
  1631 | D:3      | Succumbed to a gnoll's poison

Skill      XL: |  1  2  3  4 |
---------------+-------------+-----
Fighting       | 1 2 |  2.3
Unarmed Combat | 1 2 3 |  3.9
Throwing       | |  1.7
Dodging        | |  1.5
Spellcasting   | |  1.0
Hexes          | |  2.0

Action                   |  1- 3 |  4- 6 || total
-------------------------+-------+-------++-------
Melee: Unarmed           |   121 |    32 ||   153
       Punch             |       |     1 ||     1
  Use: Scroll            |     6 |       ||     6
       Potion            |       |     1 ||     1
  Eat: Chunk             |    18 |     2 ||    20
Armor: Robe              |    59 |    11 ||    70
Dodge: Dodged            |    62 |    24 ||    86
